 Dungeon Crawl Stone Soup version 0.22.1-1-ga44c0e5 (webtiles) character file.

402 Velaskes the Digger (level 6, -1/32 HPs)
             Began as a Gargoyle Earth Elementalist on Nov 4, 2018.
             Was an Initiate of Gozag.
             Slain by a scorpion (7 damage)
             ... on level 4 of the Dungeon.
             The game lasted 00:16:19 (2939 turns).

Velaskes the Digger (Gargoyle Earth Elementalist)   Turns: 2939, Time: 00:16:20

Health: -1/32      AC:  7    Str: 12    XL:     6   Next: 85%
Magic:  11/13      EV: 12    Int: 17    God:    Gozag
Gold:   319        SH:  0    Dex: 13    Spells: 11/15 levels left

rFire    + . .     SeeInvis .   m - +2 short sword (speed)
rCold    . . .     Gourm    .   (no shield)
rNeg     + . .     Faith    .   h - +0 robe
rPois    ∞         Spirit   .   (no helmet)
rElec    +         Reflect  .   n - +0 cloak
rCorr    .         Harm     .   (no gloves)
MR       .....                  (no boots)
Stlth    ++........             (no amulet)
HPRegen  0.10/turn              f - ring of protection from fire
MPRegen  0.13/turn              t - +3 ring of dexterity

@: very slightly contaminated
A: negative energy resistance 1, electricity resistance, unbreathing,
petrification resistance, rot immunity, AC +4
a: Potion Petition, Call Merchant, Bribe Branch, Renounce Religion


You were on level 4 of the Dungeon.
You worshipped Gozag.
Gozag was aware of your devotion.
You were not hungry.

You visited 1 branch of the dungeon, and saw 4 of its levels.

You collected 347 gold pieces.
You paid 28 gold pieces to Gozag.

Inventory:

Hand Weapons
 i - a +0 club
 j - a +0 dagger
 m - a +2 short sword of speed (weapon)
Missiles
 b - 16 stones (quivered)
Armour
 a - a +0 ring mail
 c - a +0 robe
 e - a +0 shield
 h - a +0 robe (worn)
 n - a +0 cloak (worn)
Jewellery
 f - a ring of protection from fire (left hand)
 l - an uncursed ring of attention
 q - a +2 ring of dexterity
 s - an uncursed ring of protection from fire
 t - a +3 ring of dexterity (right hand)
Scrolls
 k - a scroll of teleportation
Potions
 g - a potion of flight {unknown}
 o - a potion of magic {unknown}
 p - 2 potions of curing {unknown}
 r - 2 potions of brilliance {unknown}
Comestibles
 d - 2 rations


   Skills:
 + Level 0.1 Fighting
 + Level 0.3 Short Blades
 + Level 2.2 Dodging
 + Level 2.4 Stealth
 + Level 5.1 Spellcasting
   Level 0.7 Transmutations
 + Level 5.6 Earth Magic


You had 11 spell levels left.
You knew the following spells:

 Your Spells              Type           Power        Failure   Level  Hunger
a - Sandblast             Erth           ###...       1%          1    None
b - Stone Arrow           Conj/Erth      ##....       13%         3    ###....

Your spell library contained the following spells:

 Spells                   Type           Power        Failure   Level  Hunger
 Passwall                 Tmut/Erth      ###.....     6%          2    #......
 Petrify                  Tmut/Erth      ###.....     36%         4    ####...
 Lee's Rapid Deconstruct  Erth           ###.......   36%         5    ######.


Dungeon Overview and Level Annotations

Branches:
Dungeon (4/15)
 Temple: D:4-7

Altars:
Gozag


Innate Abilities, Weirdness & Mutations

You are resistant to torment.
Your stone body is resilient. (AC +4)
You are immune to poison.
You resist negative energy. (rN+)
You are resistant to electric shocks. (rElec)
You can survive without breathing.
You are immune to petrification.
You are immune to rotting.


Message History

The scorpion is heavily wounded.
The scorpion stings you.
You hit the scorpion.
The scorpion is severely wounded.
The scorpion stings you.
* * * LOW HITPOINT WARNING * * *
You hit the scorpion but do no damage.
The scorpion is severely wounded.
The scorpion barely misses you.
You hit the scorpion but do no damage.
The scorpion is severely wounded.
You hit the scorpion but do no damage.
The scorpion is severely wounded.
The scorpion stings you.
* * * LOW HITPOINT WARNING * * *
You hit the scorpion but do no damage.
The scorpion is severely wounded.
The scorpion stings you!
You die...
Your body crumbles into a pile of gold.

#.. #.. #.. #..###
.... ..#
#.#########.#
#....$..$...#
##..######s@########
#. #..<[.....# #
##[######.# #.# #.#
#.# #.# ... #..


You could see a scorpion.

Vanquished Creatures
  5 wights
  A crimson imp (D:3)
  3 orc priests
  An adder (D:2)
  3 worms
  A dart slug (D:3)
  3 leopard geckos
  5 orcs
  A ball python (D:3)
  A giant cockroach (D:1)
  6 goblins
  2 hobgoblins
  3 jackals
  2 quokkas (D:2)
  10 bats
  4 frilled lizards
  5 kobolds
  3 rats
59 creatures vanquished.

Notes
Turn   | Place    | Note
-------+----------+-------------------------------------------
     0 | D:1      | Velaskes the Gargoyle Earth Elementalist began the quest
                  | for the Orb.
     0 | D:1      | Reached XP level 1. HP: 10/10 MP: 3/3
   213 | D:1      | Reached XP level 2. HP: 15/15 MP: 0/5
   888 | D:2      | Reached XP level 3. HP: 19/19 MP: 4/6
   917 | D:2      | Found an opulent altar of Gozag.
   960 | D:2      | Became a worshipper of Gozag Ym Sagoz the Greedy
  1714 | D:2      | Reached XP level 4. HP: 5/24 MP: 2/8
  2089 | D:3      | Reached skill level 5 in Earth Magic
  2089 | D:3      | Reached XP level 5. HP: 28/28 MP: 4/10
  2638 | D:3      | Found a faded altar of an unknown god.
  2644 | D:3      | Reached XP level 6. HP: 18/32 MP: 4/12
  2867 | D:3      | Reached skill level 5 in Spellcasting
  2895 | D:3      | Learned a level 3 spell: Stone Arrow
  2939 | D:4      | Slain by a scorpion

Skill      XL: |  1  2  3  4  5  6 |
---------------+-------------------+-----
Earth Magic    | 4 5 |  5.6
Spellcasting   | 3 4 5 |  5.1
Dodging        | 2 |  2.2
Fighting       | |  0.1
Short Blades   | |  0.3
Stealth        | |  2.4
Transmutations | |  0.7

Action                   |  1- 3 |  4- 6 || total
-------------------------+-------+-------++-------
Melee: Short sword       |    14 |    30 ||    44
       Dagger            |     1 |       ||     1
 Cast: Sandblast         |    42 |    63 ||   105
  Use: Scroll            |     2 |     1 ||     3
  Eat: Ration            |     1 |     1 ||     2
Armor: Robe              |    13 |    24 ||    37
Dodge: Dodged            |    24 |    60 ||    84
